 Dungeon Crawl Stone Soup version 0.20-a0-1126-g0f15420 (webtiles) character file.

21 Hook the Insei (level 2, -1/18 HPs)
             Began as an Octopode Transmuter on May 17, 2017.
             Slain by an adder (5 damage)
             ... on level 2 of the Dungeon.
             The game lasted 00:04:52 (1340 turns).

Hook the Insei (Octopode Transmuter)                Turns: 1340, Time: 00:04:53

Health: -1/18      AC:  1    Str:  9    XL:     2   Next: 83%
Magic:  4/5        EV: 13    Int: 15    God:
Gold:   22         SH:  0    Dex: 12    Spells: 2/5 levels left

rFire    . . .     SeeInvis .     - Unarmed
rCold    . . .     Gourm    .   (no shield)
rNeg     . . .     Faith    .   (helmet restricted)
rPois    .         Spirit   .   (no amulet)
rElec    .         Reflect  .   (no ring)
rCorr    .         Harm     .   (no ring)
MR       .....                  (no ring)
Stlth    ++........             (no ring)
Regen    0.1/turn               (no ring)
MPRegen  0.1/turn               (no ring)
                                (no ring)
                                (no ring)

@: lethally poisoned (-1 -> -11), appendage (expiring)
A: almost no armour, stealthy swim, amphibious, 8 rings, constrict 8, tentacle
spike 3, camouflage 1, gelatinous body 1
a: End Transformation


You were on level 2 of the Dungeon.
You were very hungry.
One of your tentacles had a temporary spike.
You visited 1 branch of the dungeon, and saw 2 of its levels.

You collected 22 gold pieces.

Inventory:

Missiles
 a - 12 arrows
Scrolls
 f - a scroll of fog {unknown}
 h - a scroll of identify {unknown}
 i - a scroll of enchant armour {unknown}
Potions
 e - a potion of experience {unknown}
 g - a potion of resistance {unknown}
Books
 b - a book of Changes

   Spells                             Type                      Level
   a - Beastly Appendage              Transmutation                1
   b - Sticks to Snakes               Transmutation                2
   c - Spider Form                    Transmutation/Poison         3
   d - Ice Form                       Ice/Transmutation            4
   e - Blade Hands                    Transmutation                5
Comestibles
 c - a bread ration
 d - a meat ration
 j - 2 royal jellies


   Skills:
 * Level 1.1 Fighting
 + Level 2.0 Dodging
 * Level 0.4 Stealth
 * Level 3.5 Unarmed Combat
 * Level 2.3 Spellcasting
 + Level 2.0 Transmutations


You had 2 spell levels left.
You knew the following spells:

 Your Spells              Type           Power        Failure   Level  Hunger
a - Beastly Appendage     Tmut           #.....       10%         1    #......
b - Sticks to Snakes      Tmut           #.......     14%         2    ###....


Dungeon Overview and Level Annotations

Branches:
Dungeon (2/15)

Altars:


Innate Abilities, Weirdness & Mutations

You cannot wear most types of armour.
You are very stealthy in the water. (Stealth+)
You are amphibious.
You can wear up to eight rings at the same time.
You can use your tentacles to constrict eight enemies at once.
Your skin changes colour to match your surroundings (Stealth+).
Your rubbery body absorbs attacks. (AC +1, EV +1)
One of your tentacles bears a large vicious spike.


Message History

The adder is lightly wounded.
You feel sick. The adder closely misses you.
You barely miss the adder. You grab the adder.
You pierce the adder.
The adder is moderately wounded.
You constrict the adder.
You feel sick. The adder misses you. The adder bites you.
You tentacle-slap the adder.
The adder is heavily wounded.
You constrict the adder.
* * * LOW HITPOINT WARNING * * *
You feel sick. The adder completely misses you.
You barely miss the adder.
The adder is severely wounded.
You constrict the adder.
* * * LOW HITPOINT WARNING * * *
You feel sick. The adder closely misses you.
You barely miss the adder.
The adder is severely wounded.
You constrict the adder. The adder bites you.
You die...

#### ..# #.# ### #.#####
.... ##.....# #....
##.#.##.# ###>.
#.....##.###.#.###......
#.).....## ##...@S......
#.....##.###.#.#.#......
#.... ##.#.##.#.# ###./
#### ##..#..#.# #
##.#.##.# ##
######.#.##.# .##
#...........#
..####.###########
..#......#


You could see an adder.

Vanquished Creatures
  2 leopard geckos (D:1)
  5 goblins (D:1)
  3 hobgoblins (D:1)
  3 kobolds (D:1)
  A bat (D:1)
  2 frilled lizards
  3 rats (D:1)
19 creatures vanquished.

Notes
Turn   | Place    | Note
-------+----------+-------------------------------------------
     0 | D:1      | Hook the Octopode Transmuter began the quest for the Orb.
     0 | D:1      | Reached XP level 1. HP: 13/13 MP: 3/3
   239 | D:1      | Reached XP level 2. HP: 18/18 MP: 5/5
   491 | D:1      | Learned a level 2 spell: Sticks to Snakes
  1340 | D:2      | Slain by an adder

Vault maps used:
D:1:      minmay_arrival_loop, serial_forest, infiniplex_forest_straight_3,
          infiniplex_forest_end_3, infiniplex_forest_zigzag_1,
          infiniplex_forest_lined_2, infiniplex_forest_lined_room_2,
          infiniplex_forest_lined_room_, infiniplex_forest_clump_medium,
          infiniplex_forest_clump_medium, infiniplex_forest_clump_curved,
          serial_park_tiny_2, minmay_crystal_water
D:2:      nicolae_overflow_hidden_temple, uniq_jessica

Action                   || total
-------------------------++-------
Melee: Unarmed           ||    44
       Constrict         ||    13
       Tentacles         ||     7
       Kick              ||     4
       Punch             ||     1
 Cast: Beastly Appendage ||     8
 Stab: Sleeping          ||     4
Dodge: Dodged            ||    17
